 Dungeon Crawl Stone Soup version 0.32-a0-163-g159c032296 (webtiles) character file.

Game seed: 13377759842899930291

236 cforsyth the Trooper (level 6, -1/47 HPs)
             Began as a Djinni Hexslinger on Feb 11, 2024.
             Was a Follower of Elyvilon.
             Slain by an orc priest
             ... wielding a +0 club
              (3 damage)
             ... on level 4 of the Dungeon.
             The game lasted 00:05:30 (3121 turns).

cforsyth the Trooper (Djinni Hexslinger)            Turns: 3121, Time: 00:05:30

Health: -1/47      AC:  2    Str:  7    XL:     6   Next: 27%
Gold:   122        EV: 12    Int: 16    God:    Elyvilon [*.....] SH:  0 Dex: 16

rFire   + + .        a - +1 sling
rCold   x . .        (no shield)
rNeg    . . .        c - +0 robe
rPois   ∞            (no helmet)
rElec   .            (no cloak)
rCorr   .            (no gloves)
SInv    .            (boots unavailable)
Will    .....        (no amulet)
Stlth   +            (no ring)
HPRegen 0.27/turn    (no ring)
MPRegen 0.00/turn

%: infuse magic (-2 HP)
@: weak-willed, flying, hasted, very quick
A: sickness immunity, fire resistance 2, cold vulnerability 1, float, innate
caster, HP casting, extra vitality 1
a: Renounce Religion, Purification


You were on level 4 of the Dungeon.
You worshipped Elyvilon.
Elyvilon was aware of your devotion.
You visited 1 branch of the dungeon, and saw 4 of its levels.

You collected 122 gold pieces.


Innate Abilities, Weirdness & Mutations

You are immune to sickness and miasma.
You are immune to poison.
Your flesh is very heat resistant. (rF++)
You are vulnerable to cold. (rC-)
You float through the air rather than walking.
You learn spells naturally, not from books.
Your magical power is your life essence.
You have superior vitality. (+4 MHP)


   Skills:
 + Level 4.2 Fighting
 - Level 1.5 Ranged Weapons
 - Level 2.1 Dodging
 + Level 4.1 Spellcasting
 + Level 4.1 Conjurations
 + Level 4.1 Hexes
 + Level 4.1 Summonings
 + Level 4.1 Necromancy
 + Level 4.1 Translocations
 + Level 4.1 Fire Magic
 + Level 4.1 Ice Magic
 + Level 4.1 Air Magic
 + Level 4.1 Earth Magic
 + Level 4.1 Alchemy


You knew the following spells:

 Your Spells              Type           Power      Damage    Failure   Level
a - Scorch                Fire           32%        2d6       4%          2
c - Cause Fear            Hex            8%         N/A       30%         4
f - Inner Flame           Hex/Fire       16%        N/A       10%         3
m - Magic Dart            Conj           64%        1d6       3%          1
X - Jinxbite              Hex            32%        N/A       4%          2
Y - Sigil of Binding      Hex            16%        N/A       10%         3
Z - Dimensional Bullseye  Hex/Tloc       8%         N/A       30%         4
Your spell library was empty.

Inventory:

Hand Weapons
 a - a +1 sling (weapon)
Armour
 c - a +0 robe (worn)
Jewellery
 D - a +6 ring of dexterity
Scrolls
 b - a scroll of poison
 d - a scroll of revelation
 e - 2 scrolls of vulnerability
 f - 3 scrolls of identify {@r1}
 g - a scroll of blinking {unknown}
 i - a scroll of torment {unknown}
 k - a scroll of immolation {unknown}
 m - a scroll of fear {unknown}
 o - a scroll of teleportation {unknown}
Potions
 h - a potion of enlightenment {unknown}
 j - a potion of heal wounds {unknown}
 l - 2 potions of lignification
 n - a potion of haste {@q3}

Dungeon Overview and Level Annotations

Branches:
Dungeon (4/15)
 Temple: D:4-7

Altars:
Elyvilon
Makhleb
Uskayaw

#..........##....###***
##...........>.......,*,
##..........#........,,,
##.....h...h#...>....,,,
#####o########.#o###.,,,
#####o########.#,o#,,***
####..o.###o...#*,oh,*
####...ohS..###.,,,.#* *
####...@#######.,,,,#* *
####..(l#######..,,,,***
####....#######,,,,,,,**
####....#######,,,,,*,,*
####?...#######,,,,,**,,
####!..$#######,,,,,****
####....#######****** *
############### * *


You could see an iguana (weak-willed), 2 orc priests, 3 orcs, a jackal
(weak-willed) and a ball python (weak-willed).


Message History

Beogh smites you!
* * * LOW HITPOINT WARNING * * *
The orc priest miscasts a cantrip.
You hear a bark!
Found a scroll labelled OPROYS NYIPN.
Found 7 gold pieces and a silvery potion.
An iguana comes into view.
The iguana hisses angrily.
A ball python comes into view.
Casting: Inner Flame (dangerous; 10% risk of failure)
Confirm with . or Enter, or press ? or * to list all spells.
You don't know that spell.
As you read the scroll labelled AJYEFEWKARPH, it crumbles to dust.
The ball python hisses angrily.
A wave of despondency washes over your surroundings.
It was a scroll of vulnerability.
Unknown command.
As you read the scroll labelled OPROYS NYIPN, it crumbles to dust.
It is a scroll of identify.
l - 2 potions of lignification
As you read the scroll labelled VAXTIN QOOGIUQ, it crumbles to dust.
You feel aware of your surroundings.
It was a scroll of revelation.
The jackal closely misses you. The orc priest hits you with a +0 club.
* * * LOW HITPOINT WARNING * * *
The jackal bites you.
* * * LOW HITPOINT WARNING * * *
Unknown command.
It was a potion of haste.
You feel yourself speed up. The iguana completely misses you.
The orc priest hits you with a +0 club.
You die...

Skill      XL: |  1  2  3  4  5  6 |
---------------+-------------------+-----
Spellcasting   | 3 4 |  4.1
Conjurations   | 3 4 |  4.1
Hexes          | 3 4 |  4.1
Summonings     | 3 4 |  4.1
Necromancy     | 3 4 |  4.1
Translocations | 3 4 |  4.1
Fire Magic     | 3 4 |  4.1
Ice Magic      | 3 4 |  4.1
Air Magic      | 3 4 |  4.1
Earth Magic    | 3 4 |  4.1
Alchemy        | 3 4 |  4.1
Fighting       | 2 3 4 |  4.2
Ranged Weapons | |  1.5
Dodging        | |  2.1

Action                     |  1- 3 |  4- 6 || total
---------------------------+-------+-------++-------
   Fire: Sling             |    65 |    84 ||   149
   Cast: Magic Dart        |    32 |    71 ||   103
         Scorch            |       |    23 ||    23
         Inner Flame       |       |     3 ||     3
    Use: Scroll            |       |     3 ||     3
         Potion            |       |     1 ||     1
 Armour: Robe              |    15 |    66 ||    81
  Dodge: Dodged            |    25 |    60 ||    85

Levels and vault maps discovered:
D:1:      dpeg_arrival_water_temple_mockup, layout_basic
D:2:      layout_basic
D:3:      layout_loops_cross, mainiacjoe_overflow_catwalk_spiral,
          shapermc_ecumenical_altar_totnotflames, grunt_ministairs_15
D:4:      layout_rooms, grunt_tough_drop

Notes
Turn   | Place    | Note
-------+----------+-------------------------------------------
     0 | D:1      | cforsyth the Djinni Hexslinger began the quest for the Orb.
     0 | D:1      | cforsyth set off with the following spells memorised:
                  | Jinxbite, Sigil of Binding, Inner Flame, Cause Fear,
                  | Dimensional Bullseye.
     0 | D:1      | Reached XP level 1. HP: 17/17 MP: 0/0
   108 | D:1      | Reached XP level 2. HP: 22/22 MP: 0/0
   174 | D:1      | Reached skill level 3 in Spellcasting
   174 | D:1      | Reached skill level 3 in Conjurations
   174 | D:1      | Reached skill level 3 in Hexes
   174 | D:1      | Reached skill level 3 in Summonings
   174 | D:1      | Reached skill level 3 in Necromancy
   174 | D:1      | Reached skill level 3 in Translocations
   174 | D:1      | Reached skill level 3 in Fire Magic
   174 | D:1      | Reached skill level 3 in Ice Magic
   174 | D:1      | Reached skill level 3 in Air Magic
   174 | D:1      | Reached skill level 3 in Earth Magic
   174 | D:1      | Reached skill level 3 in Alchemy
   252 | D:1      | Reached skill level 2 in Fighting
   252 | D:1      | Reached XP level 3. HP: 28/28 MP: 0/0
   252 | D:1      | Learned a level 1 spell: Magic Dart
   893 | D:2      | Reached XP level 4. HP: 30/34 MP: 0/0
  1360 | D:2      | Reached skill level 3 in Fighting
  1863 | D:3      | Found a faded altar of an unknown god.
  1908 | D:3      | Prayed at the altar of an unknown god.
  1908 | D:3      | Became a worshipper of Elyvilon the Healer
  1908 | D:3      | Reached * piety under Elyvilon
  1932 | D:3      | Reached XP level 5. HP: 32/40 MP: 0/0
  1932 | D:3      | Learned a level 2 spell: Scorch
  1964 | D:3      | Found a hide-covered altar of Uskayaw.
  2012 | D:3      | Found a burning altar of Makhleb.
  2534 | D:3      | Reached skill level 4 in Spellcasting
  2534 | D:3      | Reached skill level 4 in Conjurations
  2534 | D:3      | Reached skill level 4 in Hexes
  2534 | D:3      | Reached skill level 4 in Summonings
  2534 | D:3      | Reached skill level 4 in Necromancy
  2534 | D:3      | Reached skill level 4 in Translocations
  2534 | D:3      | Reached skill level 4 in Fire Magic
  2534 | D:3      | Reached skill level 4 in Ice Magic
  2534 | D:3      | Reached skill level 4 in Air Magic
  2534 | D:3      | Reached skill level 4 in Earth Magic
  2534 | D:3      | Reached skill level 4 in Alchemy
  2534 | D:3      | Reached XP level 6. HP: 45/47 MP: 0/0
  2562 | D:3      | Reached skill level 4 in Fighting
  3120 | D:4      | HP: 4/47 [orc priest/+0 club (4)]
  3121 | D:4      | Slain by an orc priest

Vanquished Creatures
  An orc priest (D:2)
  2 orc wizards (D:3)
  6 adders
  3 dart slugs
  3 ribbon worms
  6 orcs
  7 endoplasms
  3 giant cockroaches
  10 goblins
  9 hobgoblins
  5 jackals
  6 kobolds
  3 quokkas
  4 ball pythons
  5 bats
  3 frilled lizards
  5 rats
81 creatures vanquished.

Table legend: (Time is in decaauts)
 A = Elapsed time spent in this place.
 B = Non-inter-level travel time spent in this place.
 C = Inter-level travel time spent in this place.
 D = Time resting spent in this place.
 E = Time spent auto-exploring this place.
 F = Levels seen in this place.
 G = Mean time per level.
                   A        B        C        D        E       F      G
               +--------+--------+--------+--------+--------+-----+--------+
         Total |   3169 |   3049 |    120 |    120 |   2399 |   4 |  792.2 |
       Dungeon |   3169 |   3049 |    120 |    120 |   2399 |   4 |  792.2 |
               +--------+--------+--------+--------+--------+-----+--------+

Top non-repeatable levels by time:
     D:2: 1454 daAuts
     D:3: 1012 daAuts
     D:1: 576 daAuts
     D:4: 125 daAuts

Table legend:
 A = Non-vault XP
 B = Vault XP
 C = Vault XP percentage of total XP
 D = Non-vault monster count
 E = Vault monster count
 F = Vault count percentage of total count
                 A         B        C        D         E       F
            +---------+---------+-------+---------+---------+-------
      Total |     335 |       3 |   0.9 |      79 |       2 |   2.5
            +---------+---------+-------+---------+---------+-------
        D:1 |      38 |       0 |   0.0 |      21 |       0 |   0.0
        D:2 |     129 |       0 |   0.0 |      24 |       0 |   0.0
        D:3 |     156 |       3 |   1.9 |      27 |       2 |   6.9
        D:4 |      12 |       0 |   0.0 |       7 |       0 |   0.0
            +---------+---------+-------+---------+---------+-------
